 Dungeon Crawl Stone Soup version 0.24.0-41-g2ae2f7f1be (webtiles) character file.

Game seed: 4569430591563702129, levelgen mode: deterministic

139073 Mesmaeker13 the Spry (level 17, -12/80 HPs)
             Began as a Kobold Conjurer on Dec 10, 2019.
             Was an Elder of Sif Muna.
             Mangled by a shock serpent (13 damage)
             ... on level 3 of the Snake Pit on Dec 11, 2019.
             The game lasted 02:17:35 (57218 turns).

Mesmaeker13 the Spry (Kobold Conjurer)             Turns: 57218, Time: 02:17:36

Health: -12/80     AC: 10    Str:  9    XL:     17   Next: 87%
Magic:  10/30      EV: 35    Int: 22    God:    Sif Muna [****..]
Gold:   1553       SH:  9    Dex: 21    Spells: 3/34 levels left

rFire    + . .     SeeInvis .   H - +10 long sword of Discord {elec, MR++ Str+3}
rCold    . . .     Gourm    .   i - +0 buckler
rNeg     . . .     Faith    .   U - +2 robe {Archmagi}
rPois    +         Spirit   .   J - +0 helmet
rElec    .         Reflect  +   u - scarf {cloud immunity}
rCorr    .         Harm     .   C - +2 pair of gloves
MR       +++..                  I - +1 pair of boots {Fly}
Stlth    ++++......             X - +2 amulet of reflection
HPRegen  0.23/turn              m - ring of poison resistance
MPRegen  0.22/turn              r - ring of protection from fire

@: agile
A: small, carnivore
a: Channel Magic, Forget Spell, Divine Exegesis, Renounce Religion, Evoke Flight


You were on level 3 of the Snake Pit.
You worshipped Sif Muna.
Sif Muna was greatly pleased with you.
You were not hungry.

You visited 4 branches of the dungeon, and saw 26 of its levels.

You collected 2734 gold pieces.
You spent 1181 gold pieces at shops.

Inventory:

Hand Weapons
 H - the +10 long sword of Discord (weapon) {elec, MR++ Str+3}
   (You found it on level 10 of the Dungeon)

   Occasionally, upon striking a foe, it will discharge some electrical energy
   and cause terrible harm.
   It affects your strength (+3).
   It affects your resistance to hostile enchantments.
Missiles
 j - 83 stones (quivered)
 y - 2 throwing nets
Armour
 i - a +0 buckler (worn)
 u - a scarf of cloud immunity (worn)
 C - a +2 pair of gloves (worn)
 I - a +1 pair of boots of flying (worn)
 J - a +0 helmet (worn)
 U - a +2 robe of the Archmagi (worn)
Magical Staves
 D - an uncursed staff of conjuration
Jewellery
 a - an uncursed amulet of magic regeneration
 k - a +4 ring of intelligence
 m - a ring of poison resistance (left hand)
 r - a ring of protection from fire (right hand)
 O - an uncursed ring of protection from cold
 X - a +2 amulet of reflection (around neck)
Wands
 F - a wand of digging (4)
 T - a wand of flame (17)
Scrolls
 f - 2 scrolls of noise {unknown}
 o - 3 scrolls of magic mapping
 q - a scroll of brand weapon {unknown}
 s - a scroll of torment {unknown}
 t - a scroll of summoning
 v - 5 scrolls of remove curse
 w - 4 scrolls of teleportation
 x - 3 scrolls of blinking
 z - a scroll of holy word {unknown}
 A - 2 scrolls of enchant weapon
 E - a scroll of vulnerability {unknown}
 R - 2 scrolls of immolation
 W - 3 scrolls of amnesia
Potions
 b - 8 potions of might
 d - 9 potions of flight
 e - a potion of degeneration {unknown}
 g - a potion of curing
 h - 3 potions of agility
 l - 2 potions of invisibility {unknown}
 n - 2 potions of magic {unknown}
 p - a potion of lignification {unknown}
 K - 3 potions of berserk rage
 M - a potion of cancellation {unknown}
 N - 3 potions of haste
 P - 2 potions of resistance {unknown}
 Q - 3 potions of ambrosia {unknown}
Miscellaneous
 B - a phial of floods
Comestibles
 c - 5 rations


   Skills:
 - Level 7.1 Long Blades
 - Level 15.2 Dodging
 - Level 2.6 Stealth
 - Level 5.0 Shields
 - Level 9.0 Spellcasting
 + Level 13.0 Conjurations
 - Level 10.0 Hexes
 + Level 13.8 Earth Magic
 + Level 10.6 Invocations
 - Level 10.0 Evocations


You had 3 spell levels left.
You knew the following spells:

 Your Spells              Type           Power        Failure   Level  Hunger
a - Magic Dart            Conj           ####         1%          1    None
b - Iron Shot             Conj/Erth      #######...   4%          6    ######.
c - Dazzling Spray        Conj/Hex       ######       1%          3    None
d - Fulminant Prism       Conj/Hex       ######....   1%          4    ##.....
e - Sandblast             Erth           ######       1%          1    None
f - Tukima's Dance        Hex            ######..     1%          3    None
g - Lee's Rapid Deconstr  Erth           #######...   1%          5    #####..
h - Lehudib's Crystal Sp  Conj/Erth      #######...   88%         8    #######

Your spell library contained the following spells:

 Spells                   Type           Power        Failure   Level  Hunger
 Confusing Touch          Hex            ######       1%          1    None
 Corona                   Hex            ######.      1%          1    None
 Ensorcelled Hibernation  Hex/Ice        #####.       1%          2    None
 Passwall                 Tmut/Erth      ######..     1%          2    None
 Searing Ray              Conj           ######       1%          2    None
 Throw Flame              Conj/Fire      ######       1%          2    None
 Throw Frost              Conj/Ice       ######       1%          2    None
 Confuse                  Hex            ######..     1%          3    None
 Conjure Flame            Conj/Fire      ######..     1%          3    None
 Static Discharge         Conj/Air       ######..     1%          3    None
 Stone Arrow              Conj/Erth      ######       1%          3    None
 Spectral Weapon          Hex/Chrm       #####...     2%          3    None
 Summon Guardian Golem    Hex/Summ       #####...     2%          3    None
 Mephitic Cloud           Conj/Pois/Air  #####...     3%          3    None
 Animate Skeleton         Necr           N/A          7%          1    None
 Apportation              Tloc           ##....       7%          1    None
 Beastly Appendage        Tmut           ##....       7%          1    None
 Infusion                 Chrm           ##..         7%          1    None
 Summon Small Mammal      Summ           ##..         7%          1    None
 Blink                    Tloc           N/A          11%         2    None
 Call Imp                 Summ           ##......     11%         2    None
 Poisonous Vapours        Pois/Air       ##....       11%         2    None
 Shroud of Golubria       Chrm/Tloc      ##....       11%         2    None
 Song of Slaying          Chrm           ##......     11%         2    None
 Sticks to Snakes         Tmut           ##......     11%         2    None
 Call Canine Familiar     Summ           ##......     21%         3    None
 Gell's Gravitas          Tloc           ##........   21%         3    None
 Lesser Beckoning         Tloc           ##........   21%         3    None
 Regeneration             Chrm/Necr      ##........   21%         3    None
 Spider Form              Tmut/Pois      ##........   21%         3    None
 Teleport Other           Tloc           ##......     21%         3    None
 Iskenderun's Mystic Bla  Conj           #######.     1%          4    ##.....
 Leda's Liquefaction      Hex/Erth       #######...   1%          4    ##.....
 Force Lance              Conj/Tloc      ######..     4%          4    ##.....
 Petrify                  Tmut/Erth      ######..     4%          4    ##.....
 Sticky Flame             Conj/Fire      ######..     4%          4    ##.....
 Bolt of Magma            Conj/Fire/Erth ######....   4%          5    #####..
 Borgnjor's Vile Clutch   Necr/Erth      ######....   11%         5    #####..
 Irradiate                Conj/Tmut      ######....   13%         5    #####..
 Lightning Bolt           Conj/Air       ######....   13%         5    #####..
 Silence                  Hex/Air        #####.....   24%         5    #####..
 Yara's Violent Unravell  Hex/Tmut       #####.....   24%         5    #####..
 Statue Form              Tmut/Erth      ######...    52%         6    ######.
 Airstrike                Air            ##........   56%         4    ##.....
 Ice Form                 Ice/Tmut       ##......     56%         4    ##.....
 Passage of Golubria      Tloc           N/A          56%         4    ##.....
 Summon Ice Beast         Ice/Summ       ##......     56%         4    ##.....
 Summon Lightning Spire   Summ/Air       ##......     56%         4    ##.....
 Conjure Ball Lightning   Conj/Air       ######....   58%         6    ######.
 Freezing Cloud           Conj/Ice/Air   #####.....   87%         6    ######.
 Blade Hands              Tmut           ##........   88%         5    #####..
 Hydra Form               Tmut           ##........   100%        6    ######.
 Ozocubu's Refrigeration  Ice            ##........   100%        6    ######.
 Dragon Form              Tmut           ##........   100%        7    #######
 Ring of Flames           Chrm/Fire      ##........   100%        7    #######
 Glaciate                 Conj/Ice       ######....   100%        9    #######
 Shatter                  Erth           #######...   100%        9    #######


Dungeon Overview and Level Annotations

Branches:
Dungeon (15/15)            Temple (0/1) D:7            Lair (6/6) D:11
 Shoals (0/4) Lair:4        Snake (3/4) Lair:3        Slime (0/5) Lair:6
    Orc (2/2) D:10            Elf (0/3) Orc:2        Vaults (0/5) D:14
 Depths (0/5) D:15

Altars:
Ashenzari
Cheibriados
Elyvilon
Hepliaklqana
Kikubaaqudgha
Nemelex Xobeh
Okawaru
Qazlal
Ru
Sif Muna
Trog
Uskayaw
Vehumet

Shops:
D:10 *   D:14 [   Orc:2 (:}?*   Snake:1 (!:=

Portals:
Pandemonium: Orc:2


Innate Abilities, Weirdness & Mutations

You are small and have problems with some larger weapons.
You are carnivorous and can eat meat at any time.


Message History

Aiming: Dazzling Spray (safe; 1% risk of failure)
Press: ? - help, Shift-Dir - straight line, f/p - shock serpent
Aim: a shock serpent (lightly wounded)
You feel a surge of power!
The spray of energy hits the shock serpent.
The shock serpent is moderately wounded.
The shock serpent completely misses you.
Unknown command.
Casting: Dazzling Spray (safe; 1% risk of failure)
Confirm with . or Enter, or press ? or * to list all spells.
Aiming: Dazzling Spray (safe; 1% risk of failure)
Press: ? - help, Shift-Dir - straight line, f/p - shock serpent
Aim: a shock serpent (moderately wounded)
You feel a surge of power!
The spray of energy hits the shock serpent!
The shock serpent is heavily wounded.
The shock serpent's electric aura discharges, shocking you!
* * * LOW HITPOINT WARNING * * *
The shock serpent bites you!
You die...

. .. .# .# ###
#.### # #..
....#
...####.##))..#
..(...........#
##..?NS@....#
####.[###......
#.##.## ......
#..#.#### .....
#..)/##.# .....
#....#$.# ....
###.......#
####
#.'.......#
#.#....#..#


You could see a shock serpent and a naga.

Vanquished Creatures
  Rupert (Lair:5)
  A nagaraja (Snake:1)
  Roxanne (D:14)
  Aizul (Snake:3)
  Azrael (Orc:2)
  Josephine (D:14)
  5 hydras
  4 naga warriors (Snake:3)
  3 centaur warriors
  4 anacondas
  A catoblepas (D:14)
  10 two-headed ogres
  A vampire mage (D:15)
  An ogre mage (D:15)
  10 death yaks
  Urug (D:11)
  3 shock serpents
  12 naga sharpshooters
  Sonja (D:12)
  An orc high priest (Orc:2)
  2 sun demons (Orc:2)
  2 skeletal warriors
  2 salamander mystics (Snake:1)
  An unseen horror (D:13)
  A sixfirhy (Orc:2)
  A naga ritualist (Snake:3)
  9 orc knights
  2 necromancers
  2 mana vipers (Snake:3)
  13 orc sorcerers
  2 ugly things
  12 salamanders
  4 cyclopes
  A deep elf mage (D:14)
  A frost giant zombie (D:15)
  11 black mambas
  6 elephants (Lair:3)
  A rust devil (Orc:2)
  2 centaur zombies
  A merfolk siren (Lair:4)
  A spriggan zombie (D:15)
  Maurice (D:11)
  Joseph (D:9)
  3 guardian serpents
  3 torpor snails
  9 naga magi
  20 spiny frogs
  3 centaur skeletons
  2 gargoyles (D:13)
  A rime drake (Lair:6)
  A kobold demonologist (D:11)
  An elf zombie (D:15)
  A hellwing (Orc:2)
  4 komodo dragons
  A freezing wraith (D:15)
  6 trolls
  4 tyrant leeches (Lair:6)
  A queen bee (D:9)
  A dancing weapon (D:15)
  A hornet (D:12)
  3 polar bears
  5 meliai
  9 hippogriffs
  8 slime creatures
  27 blink frogs
  A deep troll skeleton (D:15)
  4 water elementals (D:14)
  5 wraiths (D:14)
  A spriggan (Lair:2)
  Eustachio (D:6)
  A basilisk (Lair:1)
  5 fire elementals (Orc:2)
  3 wyverns
  2 humans (D:9)
  42 yaks
  9 vampire mosquitoes
  2 hungry ghosts
  30 nagas
  7 wargs
  An acid dragon (D:10)
  A hell hound (Orc:2)
  6 porcupines
  18 water moccasins
  4 black bears
  2 phantoms
  An eye of draining (D:12)
  5 sky beasts
  A necrophage (D:12)
  An ice beast (D:7)
  11 ogres
  27 orc warriors
  5 centaurs
  21 wolves
  10 crocodiles
  4 big kobolds
  33 bullfrogs
  2 gnoll sergeants (D:10)
  A water moccasin zombie (D:6)
  A wyvern skeleton (D:10)
  3 scorpions
  33 killer bees
  A howler monkey (D:13)
  16 wights
  16 electric eels
  5 crimson imps
  8 hounds
  A quasit (D:11)
  3 bullfrog zombies
  6 jellies
  Crazy Yiuf (D:7)
  A gnoll shaman (D:8)
  22 orc priests
  A bullfrog skeleton (D:4)
  25 orc wizards
  4 iguanas
  3 hell rats (D:11)
  7 worker ants
  A hound zombie (D:9)
  A hound skeleton (D:6)
  A mummy (D:5)
  A worker ant zombie (D:11)
  15 gnolls
  15 adders
  A howler monkey skeleton (D:7)
  A river rat (D:11)
  4 shadow imps
  An adder zombie (D:7)
  4 worms
  4 dart slugs
  11 leopard geckos
  105 orcs
  5 giant cockroaches
  5 goblins
  8 hobgoblins
  6 jackals
  22 kobolds
  8 quokkas
  A ball python (Snake:2)
  11 bats
  2 frilled lizards
  2 leopard gecko zombies
  A quokka skeleton (D:4)
  7 rats
  2 fungi (Lair:6)
  3 plants
928 creatures vanquished.

Vanquished Creatures (collateral kills)
  Agnes (D:14)
  An orc warlord (Orc:2)
  Erolcha (D:13)
  A two-headed ogre (D:15)
  An orc high priest (Orc:2)
  2 skeletal warriors (D:12)
  A gelid demonspawn (Orc:2)
  An orc knight (Orc:2)
  An efreet (D:14)
  A meliai (D:14)
  2 water elementals (D:14)
  A yak (D:12)
  A warg (Orc:2)
  A naga (Snake:3)
  6 orc warriors
  An orc priest (D:15)
23 creatures vanquished.

Vanquished Creatures (others)
  A salamander (Snake:1)
  6 dancing weapons
  A water elemental (D:14)
  277 fulminant prisms
  12 fungi
  48 plants
  8 withered plants (D:15)
353 creatures vanquished.

Grand Total: 1304 creatures vanquished

Notes
Turn   | Place    | Note
-------+----------+-------------------------------------------
     0 | D:1      | Mesmaeker13 the Kobold Conjurer began the quest for the
                  | Orb.
     0 | D:1      | Reached XP level 1. HP: 10/10 MP: 3/3
   355 | D:1      | You fall into a shaft and drop 1 floor!
   429 | D:1      | Reached XP level 2. HP: 14/15 MP: 0/5
   935 | D:1      | Reached skill level 3 in Dodging
  1001 | D:1      | Reached XP level 3. HP: 19/19 MP: 3/6
  1281 | D:2      | Learned a level 2 spell: Searing Ray
  1426 | D:2      | Found a hazy altar of Hepliaklqana.
  1654 | D:2      | Reached XP level 4. HP: 24/24 MP: 2/8
  2087 | D:2      | Found a radiant altar of Vehumet.
  2960 | D:3      | Reached XP level 5. HP: 25/28 MP: 2/9
  3195 | D:3      | Noticed a phantom
  3268 | D:4      | Reached skill level 4 in Dodging
  3590 | D:4      | Reached skill level 5 in Conjurations
  3870 | D:4      | Learned a level 3 spell: Dazzling Spray
  3970 | D:4      | Reached XP level 6. HP: 28/32 MP: 5/11
  4079 | D:4      | Reached skill level 1 in Hexes
  4387 | D:5      | Entered Level 5 of the Dungeon
  4519 | D:5      | Reached XP level 7. HP: 36/36 MP: 9/13
  4742 | D:5      | Reached skill level 5 in Dodging
  5252 | D:5      | Noticed a moth of wrath
  5256 | D:5      | Found a bloodstained altar of Trog.
  6915 | D:3      | Reached XP level 8. HP: 41/41 MP: 7/15
  7480 | D:6      | Learned a level 4 spell: Fulminant Prism
  7530 | D:6      | Reached skill level 5 in Spellcasting
  7804 | D:6      | Reached skill level 6 in Dodging
  8909 | D:6      | Reached XP level 9. HP: 39/45 MP: 10/17
  8983 | D:6      | Reached skill level 7 in Dodging
  8994 | D:6      | Noticed Eustachio
  9625 | D:6      | Killed Eustachio
  9708 | D:6      | Reached skill level 5 in Hexes
  9987 | D:6      | Found a hide-covered altar of Uskayaw.
 10353 | D:7      | Found a sacrificial altar of Ru.
 10945 | D:7      | Found a shimmering blue altar of Sif Muna.
 10949 | D:7      | Became a worshipper of Sif Muna the Loreminder
 11147 | D:7      | Found a staircase to the Ecumenical Temple.
 11251 | D:7      | Found a runed translucent door.
 11252 | D:7      | Noticed Crazy Yiuf
 11261 | D:7      | Killed Crazy Yiuf
 11425 | D:7      | Reached skill level 1 in Shields
 11674 | D:7      | Found a white marble altar of Elyvilon.
 11674 | D:7      | Found a snail-covered altar of Cheibriados.
 12023 | D:7      | Identified the +5 fustibalus "Acoi" {venom, MR+ Str+2}
 12164 | D:8      | Reached XP level 10. HP: 50/50 MP: 14/20
 12391 | D:8      | Reached * piety under Sif Muna
 12771 | D:8      | Found a sparkling altar of Nemelex Xobeh.
 14621 | D:9      | Found an iron altar of Okawaru.
 14742 | D:9      | Reached ** piety under Sif Muna
 15667 | D:9      | Noticed Joseph
 15692 | D:9      | Killed Joseph
 15896 | D:9      | Reached XP level 11. HP: 44/54 MP: 12/23
 16271 | D:9      | Learned a level 1 spell: Sandblast
 16370 | D:9      | Found an ancient bone altar of Kikubaaqudgha.
 16513 | D:9      | Reached skill level 1 in Earth Magic
 16540 | D:9      | Noticed a green ugly thing
 16553 | D:9      | Killed a green ugly thing
 16955 | D:9      | Found a shattered altar of Ashenzari.
 17102 | D:9      | Noticed a two-headed ogre
 17112 | D:9      | Killed a two-headed ogre
 17329 | D:10     | Entered Level 10 of the Dungeon
 17673 | D:10     | Found Esiunog's Assorted Antiques.
 17707 | D:10     | Reached skill level 10 in Conjurations
 17989 | D:10     | Got a twisted long sword
 18076 | D:10     | Reached *** piety under Sif Muna
 18157 | D:10     | Bought a scroll of identify for 58 gold pieces
 18158 | D:10     | Identified the +10 long sword of Discord {elec, MR++ Str+3}
                  | (You found it on level 10 of the Dungeon)
 18407 | D:10     | Reached skill level 8 in Dodging
 18423 | D:10     | Reached skill level 1 in Long Blades
 19464 | D:10     | Found a staircase to the Orcish Mines.
 19470 | D:10     | Reached XP level 12. HP: 59/59 MP: 16/24
 19556 | D:10     | Reached skill level 5 in Earth Magic
 19614 | D:10     | Reached **** piety under Sif Muna
 20925 | D:11     | Noticed a death yak
 20925 | D:11     | Noticed Maurice
 20925 | D:11     | Noticed a death yak
 20950 | D:11     | Killed Maurice
 20964 | D:11     | Noticed a death yak
 21011 | D:11     | Killed a death yak
 21141 | D:11     | Killed a death yak
 21141 | D:11     | Reached skill level 9 in Dodging
 21144 | D:11     | Killed a death yak
 21268 | D:11     | Found a staircase to the Lair.
 21766 | D:11     | Noticed Urug
 21964 | D:11     | Killed Urug
 21964 | D:11     | Reached skill level 5 in Shields
 22077 | Lair:1   | Entered Level 1 of the Lair of Beasts
 22345 | Lair:1   | Reached skill level 1 in Evocations
 23742 | Lair:2   | Reached skill level 10 in Dodging
 23747 | Lair:2   | Noticed a four-headed hydra
 23770 | Lair:2   | Killed a four-headed hydra
 23770 | Lair:2   | Reached XP level 13. HP: 60/63 MP: 15/25
 23835 | Lair:2   | Noticed an eight-headed hydra
 23855 | Lair:2   | Killed an eight-headed hydra
 23860 | Lair:2   | Reached ***** piety under Sif Muna
 24070 | Lair:2   | Received a gift from Sif Muna
 24661 | Lair:3   | Reached skill level 5 in Evocations
 24858 | Lair:3   | Found a staircase to the Snake Pit.
 26331 | Lair:4   | Found a staircase to the Shoals.
 27672 | Lair:4   | Reached XP level 14. HP: 58/68 MP: 11/26
 28153 | Lair:5   | Noticed Rupert
 28529 | Lair:5   | Killed Rupert
 28785 | Lair:5   | Reached skill level 10 in Earth Magic
 29040 | Lair:6   | Entered Level 6 of the Lair of Beasts
 29067 | Lair:6   | Found a staircase to the Slime Pits.
 29144 | Lair:5   | Reached skill level 5 in Long Blades
 30333 | Lair:6   | Reached skill level 10 in Evocations
 30410 | Lair:6   | Reached skill level 1 in Invocations
 30464 | Lair:6   | Identified Qunalou's Catalogue of the Hurtful Frostbite
                  | (Sif Muna gifted it to you on level 6 of the Lair of
                  | Beasts)
 30464 | Lair:6   | Received a gift from Sif Muna
 30705 | Lair:5   | Reached skill level 11 in Dodging
 32244 | Lair:6   | Reached skill level 10 in Hexes
 32365 | Lair:6   | Reached XP level 15. HP: 49/72 MP: 23/27
 32839 | Lair:6   | Got an ichor-stained ring mail
 33031 | Lair:1   | Identified the +1 ring mail "Umaxair" {rC- Int+6 Dex+2}
                  | (You found it on level 6 of the Lair of Beasts)
 33096 | D:10     | Bought a wand of iceblast (11) for 116 gold pieces
 33096 | D:10     | Bought a scroll of identify for 58 gold pieces
 33144 | Orc:1    | Entered Level 1 of the Orcish Mines
 34216 | Orc:2    | Entered Level 2 of the Orcish Mines
 35354 | Orc:2    | Learned a level 3 spell: Tukima's Dance
 35574 | Orc:2    | Found Xesurch's Magic Scroll Shoppe.
 35576 | Orc:2    | Found Daochog's General Store.
 35734 | Orc:2    | Noticed Azrael
 35743 | Orc:2    | Reached skill level 5 in Invocations
 35747 | Orc:2    | Identified Sif Muna's Papyrus of Icy Malediction (Sif Muna
                  | gifted it to you on level 2 of the Orcish Mines)
 35747 | Orc:2    | Received a gift from Sif Muna
 35752 | Orc:2    | Killed Azrael
 35752 | Orc:2    | Reached skill level 12 in Dodging
 36648 | Orc:2    | Found a staircase to the Elven Halls.
 36673 | Orc:1    | Noticed an orc warlord
 36705 | Orc:2    | Killed an orc warlord
 38308 | Orc:2    | Found Nirar's Gadget Shoppe.
 39629 | Orc:2    | Reached skill level 13 in Dodging
 39972 | Orc:2    | Found Duikk's Antique Weapon Shop.
 39972 | Orc:2    | Found Yqery's Book Boutique.
 39973 | Orc:2    | Found a one-way gate leading to the halls of Pandemonium.
 40013 | Orc:2    | Bought a scroll of magic mapping for 59 gold pieces
 40015 | Orc:2    | Bought a scroll of identify for 26 gold pieces
 40018 | Orc:2    | Bought a scroll of identify for 34 gold pieces
 40018 | Orc:2    | Bought a scroll of identify for 34 gold pieces
 40018 | Orc:2    | Bought a scroll of identify for 34 gold pieces
 40058 | Orc:2    | Bought an ancient scimitar for 342 gold pieces
 40059 | Orc:2    | Identified the +6 scimitar "Zacufuu" {slice, Str+6 Stlth-}
                  | (You bought it in a shop on level 2 of the Orcish Mines)
 40071 | Orc:2    | Learned a level 6 spell: Iron Shot
 40243 | D:12     | Noticed Sonja
 40254 | D:12     | Killed Sonja
 40950 | D:12     | Identified the cursed +3 shortbow "Utiom" {venom, Dex+3}
 41702 | D:13     | Noticed Erolcha
 41873 | D:13     | Reached XP level 16. HP: 71/76 MP: 18/29
 41896 | D:13     | Identified Sif Muna's Handbook of Flying Shape Shifting
                  | (Sif Muna gifted it to you on level 13 of the Dungeon)
 41896 | D:13     | Received a gift from Sif Muna
 42189 | D:13     | Killed Erolcha
 44150 | D:14     | Noticed Josephine
 44152 | D:14     | Reached skill level 14 in Dodging
 44159 | D:14     | Killed Josephine
 44376 | D:14     | Noticed Roxanne
 44913 | D:14     | Found a gate to the Vaults.
 45177 | D:14     | Found Jicix's Armour Emporium.
 45762 | D:15     | Entered Level 15 of the Dungeon
 45763 | D:15     | Identified a scroll of acquirement
 45933 | D:14     | HP: 3/76 [vampire mosquito (6)]
 46389 | D:14     | Identified Sif Muna's Catalogue of Destructive Darkness
                  | (Sif Muna gifted it to you on level 14 of the Dungeon)
 46389 | D:14     | Received a gift from Sif Muna
 46716 | D:15     | Noticed Agnes
 46748 | D:14     | Killed Agnes
 46999 | D:15     | Found a stormy altar of Qazlal.
 47117 | D:15     | Learned a level 5 spell: Lee's Rapid Deconstruction
 47767 | D:15     | Found a staircase to the Depths.
 48124 | D:14     | Killed Roxanne
 48414 | D:10     | Bought a notched peridot ring for 145 gold pieces
 48414 | D:10     | Bought a scroll of summoning for 275 gold pieces
 48570 | Snake:1  | Entered Level 1 of the Snake Pit
 48592 | Snake:1  | Learned a level 8 spell: Lehudib's Crystal Spear
 48780 | Snake:1  | Reached XP level 17. HP: 80/80 MP: 13/30
 49370 | Snake:1  | Found Igoutur's Distillery.
 49371 | Snake:1  | Found Wuomomm's Jewellery Emporium.
 49371 | Snake:1  | Found Muetwaos's Antique Weapon Shoppe.
 49374 | Snake:1  | Found Ceeddyru's Book Emporium.
 49397 | Snake:1  | Reached skill level 15 in Dodging
 55179 | Snake:2  | Reached skill level 10 in Invocations
 55319 | Snake:3  | Noticed Aizul
 55328 | Snake:3  | Killed Aizul
 57214 | Snake:3  | HP: 4/80 [shock serpent (13)]
 57218 | Snake:3  | HP: 1/80 [shock serpent/electric aura (9)]
 57218 | Snake:3  | Mangled by a shock serpent

Levels and vault maps discovered:
D:1:      nzn_arrival_settlement, layout_basic
D:2:      layout_loops_ring, nicolae_overflow_crystal_walls,
          lemuel_crystal_altar, first_ration
D:3:      layout_basic
D:4:      layout_gridville
D:5:      layout_layer_cave, tgw_trog, gup_ossuary_entry_pyramid
D:6:      minmay_chambers_of_threes, layout_cave_pools,
          eat_drink_and_be_merry_uskayaw, serial_bayou, serial_bayou_shore_a,
          serial_bayou_crossing, serial_bayou_pond_e, serial_bayou_pond_c,
          kennysheep_generic_room_6, uniq_eustachio
D:7:      layout_loops_ring, marbit_many_paths, gammafunk_temple_overflow_wave,
          minmay_temple_entry_junction_2, basic_altar, uniq_crazy_yiuf_cottage
D:8:      layout_cave_pods, nemelex_xobeh_ov_fountains_minmay
D:9:      layout_irregular_city, lemuel_coloured_pillars_altar, kennysheep_mini,
          david_nohive_1, okawaru_humans, uniq_joseph
D:10:     layout_basic, minmay_orc_entry_guard_dogs, serial_shops,
          nicolae_shop_trees
D:11:     layout_rooms, dpeg_lair_monsters, minmay_variable_closet,
          uniq_maurice, uniq_urug
D:12:     layout_basic, uniq_sonja
D:13:     layout_loops_ring, uniq_erolcha
D:14:     layout_basic, david_vaults_1, corexii_leaking_fountain, serial_shops,
          shop, uniq_roxanne, uniq_josephine
D:15:     gammafunk_depths_entry_grave, layout_rooms, lemuel_statue_altar,
          basic_altar, uniq_agnes
Lair:1:   layout_regular_city
Lair:2:   layout_misc_corridors, forest_entry_grove, grunt_megastairs_5
Lair:3:   layout_cave_pods, dummy_snake_entry
Lair:4:   layout_cave_shapes, minmay_shoals_entry_lonely_mermaid, minivault_24,
          infiniplex_staircase_pool, grunt_megastairs_4
Lair:5:   layout_regular_city, uniq_rupert
Lair:6:   minmay_lair_end_frog_pond, layout_concentric_octagons,
          minmay_slime_entry_pillars
Snake:1:  cheibrodos_snake_lava_hold, layout_layer_cave, minmay_shoptagon
Snake:2:  layout_rooms, minmay_snake_pond
Snake:3:  layout_rooms, serial_shops, nicolae_shop_crystal,
          hangedman_snake_pattern, uniq_aizul
Orc:1:    layout_caves
Orc:2:    pf_orc_diabolical, layout_diamond_mine, serial_shops, shop,
          uniq_azrael

Skill      XL: |  1  2  3  4  5  6  7  8  9 10 11 12 13 14 15 16 17 |
---------------+----------------------------------------------------+-----
Dodging        | 3 4 5 6 7 8 10 11 13 14 15 | 15.2
Spellcasting   | 3 4 5 7 8 9 |  9.0
Conjurations   | 5 6 7 9 10 11 12 13 | 13.0
Hexes          | 1 2 4 5 7 8 10 | 10.0
Shields        | 1 4 5 |  5.0
Earth Magic    | 4 7 9 10 11 12 13 | 13.8
Long Blades    | 1 2 3 5 7 |  7.1
Evocations     | 3 8 10 | 10.0
Invocations    | 3 7 8 10 | 10.6
Stealth        | |  2.6

Action                   |  1- 3 |  4- 6 |  7- 9 | 10-12 | 13-15 | 16-18 || total
-------------------------+-------+-------+-------+-------+-------+-------++-------
Melee: Unarmed           |    11 |       |       |       |       |       ||    11
       Short sword       |       |    15 |    13 |       |       |       ||    28
       Dagger            |       |       |     3 |    35 |       |       ||    38
       Falchion          |       |       |     2 |       |       |       ||     2
       Long sword        |       |       |       |    45 |   214 |   193 ||   452
Throw: Dart              |       |    11 |     1 |       |       |       ||    12
 Cast: Magic Dart        |    60 |    95 |   220 |   258 |   261 |    57 ||   951
       Searing Ray       |       |    11 |    30 |    52 |    32 |       ||   125
       Fulminant Prism   |       |       |    14 |    79 |   119 |    66 ||   278
       Dazzling Spray    |       |       |       |     8 |    24 |    54 ||    86
       Sandblast         |       |       |       |    47 |   297 |   183 ||   527
       Tukima's Dance    |       |       |       |       |    47 |    19 ||    66
       Iron Shot         |       |       |       |       |     2 |    97 ||    99
       Lee's Rapid Decon |       |       |       |       |       |     9 ||     9
Invok: Channel Magic     |       |       |       |       |       |     2 ||     2
 Abil: Stop Flying       |       |       |       |       |     1 |       ||     1
Evoke: Wand              |       |     7 |     4 |    25 |    66 |    29 ||   131
       Box of beasts     |       |       |       |       |     1 |     1 ||     2
       Phial of floods   |       |       |       |       |       |     2 ||     2
  Use: Scroll            |       |     3 |     4 |     8 |    14 |    12 ||    41
       Potion            |       |       |       |     1 |     6 |     9 ||    16
 Stab: Invisible         |       |       |       |     3 |     1 |     3 ||     7
       Paralysed         |       |       |       |     6 |       |     4 ||    10
       Distracted        |       |       |       |     1 |       |       ||     1
  Eat: Chunk             |    11 |     8 |    23 |    42 |    60 |    44 ||   188
       Ration            |       |       |       |       |       |    19 ||    19
Armor: Robe              |    13 |     9 |     9 |       |       |    22 ||    53
       Leather armour    |       |       |     6 |    38 |    59 |    26 ||   129
Dodge: Dodged            |    59 |    51 |   118 |   239 |   451 |   355 ||  1273
Block: Buckler           |       |       |       |    47 |   160 |   159 ||   366
       Reflection        |       |       |       |       |       |    18 ||    18
       Rpst.: Falchion   |       |       |     1 |       |       |       ||     1
       Long sword        |       |       |       |    28 |   117 |    73 ||   218
